 Dungeon Crawl Stone Soup version 0.29.1-1-gd02db6906a (webtiles) character file.

Game seed: 16734275808876964679

3994 raph the Poker (level 10, -25/83 HPs)
             Began as a Pale Draconian Cinder Acolyte on Sept 17, 2022.
             Was a Priest of Ignis.
             Annihilated by a boulder beetle (26 damage)
             ... on level 8 of the Dungeon.
             The game lasted 00:14:53 (10701 turns).

raph the Poker (Pale Draconian Cinder Acolyte)     Turns: 10701, Time: 00:14:53

Health: -25/83     AC: 10    Str: 26    XL:     10   Next: 3%
Magic:  16/16      EV: 12    Int: 14    God:    Ignis [***...]
Gold:   493        SH:  0    Dex: 10    Spells: 14/17 levels left

rFire   + . .      SeeInvis .   a - +2 spear (pain)
rCold   . . .      Faith    .   (no shield)
rNeg    + . .      Spirit   .   (body armour unavailable)
rPois   .          Reflect  .   (helmet restricted)
rElec   .          Harm     .   (no cloak)
rCorr   .          Rampage  +   B - +1 pair of gloves
Will    .....                   c - +0 pair of boots "Qowkunel" {Rampage Will- Str+8 Stlth+}
Stlth   +++.......              (no amulet)
HPRegen 0.23/turn               h - ring of positive energy
MPRegen 0.15/turn               f - ring of willpower

@: short of breath
A: breathe steam, AC +7, unfitting armour, cold-blooded, steam resistance
a: Breathe Steam, Renounce Religion, Fiery Armour, Foxfire Swarm, Rising Flame


You were on level 8 of the Dungeon.
You worshipped Ignis.
Ignis was most pleased with you.
You visited 1 branch of the dungeon, and saw 8 of its levels.

You collected 493 gold pieces.

Inventory:

Hand Weapons
 a - a +2 spear of pain (weapon)
 j - a -1 falchion of flaming
 u - a +0 trident
Missiles
 k - 13 poisoned darts (quivered)
 s - 6 silver javelins
Armour
 c - the +0 pair of boots "Qowkunel" (worn) {Rampage Will- Str+8 Stlth+}
   (You found it on level 2 of the Dungeon)

   Str:       It affects your strength (+8).
   Rampage:   It bestows one free step when moving towards enemies.
   Will:      It decreases your willpower.
   Stlth:     It makes you more stealthy.
 B - a +1 pair of gloves (worn)
Magical Staves
 o - a staff of death
Jewellery
 f - a ring of willpower (right hand)
 h - a ring of positive energy (left hand)
Wands
 l - a wand of flame (48)
 n - a wand of digging (8)
 z - a wand of paralysis (21)
Scrolls
 m - a scroll of amnesia
 p - a scroll of poison
 q - a scroll of fear
 v - 2 scrolls of teleportation
 A - 4 scrolls of identify
Potions
 b - 4 potions of curing
 d - 2 potions of cancellation
 i - a potion of attraction
 r - a potion of magic
 t - a potion of ambrosia
 x - a potion of resistance {unknown}


   Skills:
 + Level 6.1 Fighting
 - Level 3.4 Long Blades
 * Level 6.2 Polearms
 + Level 4.0 Dodging
 + Level 4.2 Stealth
 + Level 4.4 Spellcasting
 + Level 3.7 Summonings
 * Level 6.2 Necromancy
 + Level 6.1 Fire Magic


You had 14 spell levels left.
You knew the following spells:

 Your Spells              Type           Power      Damage    Failure   Level
a - Scorch                Fire           40%        2d7       2%          2
b - Summon Small Mammal   Summ           52%        N/A       4%          1

Your spell library contained the following spells:

 Spells                   Type           Power      Damage    Failure   Level
 Call Canine Familiar     Summ           13%        N/A       12%         3
 Apportation              Tloc           6%         N/A       19%         1
 Summon Guardian Golem    Hex/Summ       8%         N/A       26%         3
 Blink                    Tloc           6%         N/A       28%         2
 Hailstorm                Conj/Ice       3%         3d3       88%         4
 Ice Form                 Ice/Tmut       3%         N/A       88%         4
 Alistair's Intoxication  Tmut/Pois      2%         N/A       99%         5
 Blade Hands              Tmut           1%         N/A       99%         5
 Irradiate                Conj/Tmut      1%         3d12      99%         5
 Manifold Assault         Tloc           3%         N/A       99%         5
 Simulacrum               Ice/Necr       5%         N/A       100%        6
 Dragon Form              Tmut           1%         N/A       100%        7
 Storm Form               Tmut/Air       1%         N/A       100%        7
 Chain Lightning          Conj/Air       1%         3d2       100%        9
 Fire Storm               Conj/Fire      5%         8d2       100%        9
 Shatter                  Erth           1%         3d6*      100%        9


Dungeon Overview and Level Annotations

Branches:
Dungeon (8/15)             Temple (0/1) D:7
   Lair: D:8-11

Altars:
Dithmenos
Gozag
Kikubaaqudgha
Ru
Uskayaw
Vehumet
Xom
The Shining One

Annotations:
D:4 2 runed translucent doors


Innate Abilities, Weirdness & Mutations

You can breathe blasts of scalding, opaque steam.
Your pale cyan-grey scales are hard. (AC +7)
You cannot fit into any form of body armour.
You are cold-blooded and may be slowed by cold attacks.
You are immune to the effects of steam.


Message History

Reach: a) +2 spear (pain)
Press: ? - help, Dir - move target, f/p - boulder beetle
Aim: a boulder beetle (heavily wounded, constricted by roots, about 2% to evade your +2 spear of pain)
You reach to attack!
You hit the boulder beetle but do no damage.
The boulder beetle writhes in agony.
The boulder beetle is heavily wounded.
The grasping roots constrict the boulder beetle, but do no damage.
The roots release their grip on the boulder beetle.
Reach: a) +2 spear (pain)
Press: ? - help, Dir - move target, f/p - boulder beetle
Aim: a boulder beetle (heavily wounded, about 9% to evade your +2 spear of pain)
You reach to attack!
You hit the boulder beetle but do no damage.
The boulder beetle writhes in agony.
The boulder beetle is heavily wounded.
The boulder beetle leaps!
You hit the boulder beetle but do no damage.
The boulder beetle writhes in agony.
The boulder beetle is severely wounded.
The boulder beetle closely misses you.
You hit the boulder beetle but do no damage.
The boulder beetle writhes in agony.
The boulder beetle is severely wounded.
A centaur comes into view.
The boulder beetle misses you.
The centaur wields a +1 vorpal shortbow.
The centaur shoots an arrow.
The arrow hits you!
* * * LOW HITPOINT WARNING * * *
x2 The boulder beetle attacks as you move away!
The boulder beetle bites you!
* * * LOW HITPOINT WARNING * * *
Aiming: Breathe Steam (1% risk of failure)
Press: ? - help, Shift-Dir - straight line, f - centaur, p - boulder beetle
Aim: a centaur, wielding a +1 vorpal shortbow (84% to hit)
You exhale a blast of scalding steam.
The ball of steam hits the boulder beetle but does no damage.
The boulder beetle is severely wounded.
The boulder beetle bites you!!
You die...

.. B## #.###...
##)#....
#.##)...#...#
#......)....#
#.).)##..# #.
#)#.##..#
#..###.#.##..##
#...@B§.##...#
###....§c§...###..
#.####..§.......
#. ###...###.. #.
#...# #.######...#
...........#
...#######.# #<#


You could see a boulder beetle and a centaur.

Vanquished Creatures
  Pikel (D:7)
  An unseen horror (D:6)
  A wyvern (D:7)
  Duvessa (D:7)
  A sky beast (D:4)
  2 hornet zombies (D:6)
  An ice beast (D:7)
  A black bear (D:4)
  2 ogres
  A lemure (D:7)
  A centaur (D:7)
  A phantom (D:5)
  2 kobold brigands
  6 necrophages
  2 bullfrogs
  2 scorpions
  A water moccasin zombie (D:6)
  8 wights
  Dowan (D:7)
  4 howler monkeys
  4 bullfrog zombies (D:6)
  A human zombie (D:6)
  5 hounds
  4 orc priests
  2 jellies
  4 iguanas
  An orc wizard (D:7)
  Robin (D:2)
  3 gnolls (D:5)
  6 adders
  A shadow imp (D:5)
  An ufetubus (D:4)
  A worm (D:2)
  2 dart slugs
  10 orcs
  7 ball pythons
  2 endoplasms
  5 giant cockroaches
  9 goblins
  7 hobgoblins
  17 kobolds
  5 quokkas
  A bat (D:2)
  3 frilled lizards
  8 rats
150 creatures vanquished.

Vanquished Creatures (others)
  41 foxfires
41 creatures vanquished.

Grand Total: 191 creatures vanquished

Notes
Turn   | Place    | Note
-------+----------+-------------------------------------------
     0 | D:1      | raph the Draconian Cinder Acolyte began the quest for the
                  | Orb.
     0 | D:1      | Reached XP level 1. HP: 19/19 MP: 2/2
   319 | D:1      | Reached XP level 2. HP: 23/26 MP: 3/3
   322 | D:1      | Learned a level 2 spell: Scorch
   352 | D:1      | Found a faded altar of an unknown god.
  1175 | D:2      | Noticed Robin
  1187 | D:2      | Reached XP level 3. HP: 22/31 MP: 3/5
  1189 | D:2      | Killed Robin
  1663 | D:2      | Found an opulent altar of Gozag.
  2297 | D:2      | Identified the +0 pair of boots "Qowkunel" {Rampage Will-
                  | Str+8 Stlth+}
  2514 | D:2      | Reached XP level 4. HP: 36/40 MP: 6/6
  2971 | D:3      | Reached skill level 1 in Polearms
  2988 | D:3      | Found a shadowy altar of Dithmenos.
  3731 | D:4      | Reached skill level 1 in Necromancy
  3735 | D:4      | Noticed a necrophage
  3745 | D:4      | Killed a necrophage
  3746 | D:4      | Reached skill level 1 in Stealth
  3746 | D:4      | Reached XP level 5. HP: 42/46 MP: 1/8
  3858 | D:4      | Found a large runed translucent door.
  3859 | D:4      | Found a large runed translucent door.
  3945 | D:4      | Reached skill level 1 in Dodging
  3955 | D:4      | Found a radiant altar of Vehumet.
  3959 | D:4      | Found a shimmering altar of Xom.
  3968 | D:4      | Found a glowing golden altar of the Shining One.
  3975 | D:4      | Reached XP level 6. HP: 45/52 MP: 9/9
  3978 | D:4      | Found a sacrificial altar of Ru.
  4398 | D:4      | Learned a level 1 spell: Summon Small Mammal
  4645 | D:4      | Noticed a sky beast
  4654 | D:4      | Your scales start taking on a pale cyan-grey colour.
  4654 | D:4      | Reached XP level 7. HP: 51/60 MP: 3/10
  4654 | D:4      | Gained mutation: You are immune to the effects of steam.
                  | [Pale Draconian growth]
  4967 | D:5      | Entered Level 5 of the Dungeon
  5014 | D:5      | Reached skill level 1 in Summonings
  5374 | D:5      | Found a hide-covered altar of Uskayaw.
  5665 | D:5      | Reached XP level 8. HP: 67/67 MP: 12/12
  5666 | D:5      | You fall into a shaft and drop 2 floors!
  6713 | D:6      | Reached skill level 5 in Fire Magic
  6781 | D:6      | Killed an unseen horror
  6782 | D:6      | Reached skill level 5 in Fighting
  7613 | D:6      | Reached XP level 9. HP: 33/74 MP: 1/14
  8065 | D:6      | Reached skill level 5 in Polearms
  8296 | D:6      | Reached skill level 5 in Necromancy
  8613 | D:6      | Found an ancient bone altar of Kikubaaqudgha.
  9337 | D:7      | Noticed Pikel
  9352 | D:7      | Killed Pikel
  9646 | D:7      | Noticed Duvessa
  9648 | D:7      | Noticed Dowan
  9656 | D:7      | Killed Dowan
  9672 | D:7      | Killed Duvessa
  9760 | D:7      | Found a staircase to the Ecumenical Temple.
 10519 | D:7      | Reached XP level 10. HP: 83/83 MP: 13/16
 10641 | D:8      | Noticed a two-headed ogre
 10641 | D:8      | Noticed a boulder beetle
 10700 | D:8      | HP: 1/83 [boulder beetle (11)]
 10701 | D:8      | Annihilated by a boulder beetle

Illustrated notes

Levels and vault maps discovered:
D:1:      nicolae_arrival_washed_ashore, layout_loops_ring,
          hellmonk_ecumenical_altar_pennies_from_heaven
D:2:      layout_loops_ring, basic_altar, chequers_serial_rivers_micro_b,
          uniq_robin
D:3:      layout_loops_ring, nicolae_dithmenos_shadow_blocks
D:4:      layout_basic, grunt_temple_overflow_cloverleaf, jmf_multi_god_temple2,
          kennysheep_donut
D:5:      layout_gridville, nicolae_uskayaw_murder_on_the_dancefloor,
          nicolae_kite_square_tiling_tiny, kennysheep_generic_room_5
D:6:      layout_basic, lemuel_mausoleum_altar_kikubaaqudgha
D:7:      layout_cave_pods, temple_pool_b, nicolae_elevator_lobby_asterisk,
          uniq_duvessa, uniq_pikel
D:8:      layout_loops_ring, erik_lair_orcish_takeover, uniq_psyche

Skill      XL: |  1  2  3  4  5  6  7  8  9 10 |
---------------+-------------------------------+-----
Polearms       | 1 2 3 4 6 |  6.2
Spellcasting   | 2 3 4 |  4.4
Necromancy     | 1 2 3 4 6 |  6.2
Fighting       | 4 5 6 |  6.1
Stealth        | 1 2 3 4 |  4.2
Dodging        | 1 2 3 4 |  4.0
Fire Magic     | 4 5 6 |  6.1
Summonings     | 1 2 3 |  3.7
Long Blades    | |  3.4

Action                   |  1- 3 |  4- 6 |  7- 9 | 10-12 || total
-------------------------+-------+-------+-------+-------++-------
Melee: Falchion          |    70 |       |       |       ||    70
       Tailslap          |    13 |     7 |    17 |     2 ||    39
       Spear             |    54 |    87 |   153 |    21 ||   315
       Punch             |       |       |     4 |     2 ||     6
 Cast: Scorch            |     3 |    12 |    85 |     1 ||   101
Invok: Foxfire Swarm     |     1 |     1 |     1 |       ||     3
       Fiery Armour      |       |     1 |       |       ||     1
 Abil: Breathe Steam     |       |       |    24 |     4 ||    28
Evoke: Wand              |       |       |       |     2 ||     2
  Use: Scroll            |     5 |     4 |    13 |       ||    22
       Potion            |       |       |     1 |     1 ||     2
 Stab: Sleeping          |     1 |     5 |     6 |       ||    12
       Distracted        |       |       |     1 |       ||     1
       Invisible         |       |       |     1 |       ||     1
Armor: Skin              |    42 |    28 |    59 |       ||   129
Dodge: Dodged            |    68 |    54 |    86 |     5 ||   213
